 Dungeon Crawl Stone Soup version 0.29.0-15-g675c0067aa (webtiles) character file.

Game seed: 521801849078558750

366 qw the Cleaver (level 6, -2/52 HPs)
             Began as a Minotaur Berserker on Sept 12, 2022.
             Was a Believer of Trog.
             Slain by a gnoll
             ... wielding a +0 whip
              (5 damage)
             ... on level 3 of the Dungeon.
             The game lasted 00:00:59 (3075 turns).

qw the Cleaver (Minotaur Berserker)                 Turns: 3075, Time: 00:00:59

Health: -2/52      AC:  8    Str: 23    XL:     6   Next: 40%
Magic:  5/5        EV:  8    Int:  4    God:    Trog [**....]
Gold:   99         SH:  0    Dex: 10    Spells: 5/5 levels left

rFire   . . .      SeeInvis .   Y - +0 hand axe
rCold   . . .      Faith    .   (no shield)
rNeg    . . .      Spirit   .   a - +0 chain mail
rPois   .          Reflect  .   (helmet restricted)
rElec   .          Harm     .   (no cloak)
rCorr   .          Rampage  .   (no gloves)
Will    .....                   (no boots)
Stlth   ..........              (no amulet)
HPRegen 0.17/turn               (no ring)
MPRegen 0.09/turn               (no ring)

@: on berserk cooldown, slowed, very slow
A: horns 2, retaliatory headbutt
a: Renounce Religion, Berserk, Trog's Hand


You were on level 3 of the Dungeon.
You worshipped Trog.
Trog was pleased with you.
You visited 1 branch of the dungeon, and saw 3 of its levels.

You collected 99 gold pieces.


Innate Abilities, Weirdness & Mutations

You have a pair of horns on your head.
You reflexively headbutt those who attack you in melee.


   Skills:
 - Level 4.0 Fighting
 + Level 8.6 Axes
 - Level 2.4 Armour
 - Level 2.1 Dodging


You had 5 spell levels left.
You didn't know any spells.
Your spell library was empty.

Inventory:

Hand Weapons
 h - a +0 mace
 Y - a +0 hand axe (weapon)
Missiles
 c - 5 boomerangs (quivered)
Armour
 a - a +0 chain mail (worn)
Jewellery
 g - a ring of ice
 i - an amulet of faith
Scrolls
 b - 2 scrolls of identify
Potions
 d - a potion of resistance {unknown}
 e - a potion of might {unknown}
 f - 3 potions of heal wounds {unknown}
 j - a potion of invisibility {unknown}

Dungeon Overview and Level Annotations

Branches:
Dungeon (3/15)

Altars:
Nemelex Xobeh


Message History

The gnoll barely misses you.
The gnoll splashes around in the water.
The orc wizard hits you with a +0 dagger.
The orc hits you from afar with a +0 trident.
The gnoll barely misses you. The gnoll hits you but does no damage.
You hit the gnoll but do no damage.
The gnoll is severely wounded.
You barely miss the orc.
You hit the orc wizard but do no damage.
The orc hits you but does no damage.
The orc wizard hits you with a +0 dagger.
The orc splashes around in the water.
The gnoll hits you but does no damage.
The gnoll splashes around in the water.
You hit the gnoll.
You kill the gnoll!
Trog accepts your kill.
You hear a splash.
You hit the orc wizard. You hit the orc. The orc misses you.
The orc splashes around in the water.
The orc wizard casts a spell at you.
You are confused.
The gnoll hits you but does no damage.
The orc splashes around in the water.
The orc hits you but does no damage. The orc wizard barely misses you.
The orc wizard attacks as you move away!
The orc wizard hits you but does no damage.
The orc splashes around in the water.
The gnoll hits you but does no damage. x2
You're too confused to move!
The orc wizard splashes around in the water.
The gnoll barely misses you. The orc hits you with a +0 dagger.
The gnoll splashes around in the water.
The orc wizard misses you.
You barely miss the orc. Your headbutt misses the orc.
The orc is heavily wounded.
You barely miss the gnoll. You hit the orc wizard. You slash the orc!
You kill the orc!
Trog accepts your kill.
You hear a splash.
You feel less confused. The gnoll barely misses you.
The orc closely misses you. You furiously retaliate!
You headbutt the orc. The gnoll hits you with a +0 whip.
You die...

..~~~.# ..~~~.# ..~~~.# .
..~~~.# .. ..~~###'# ...
.%~~#...#############''''
#####
..~~#.o.#.........o......
.....
..~~#####~~~~~~~ogKo~....
~~~~~
..~~~~~~~~~~~~~~@~o~~....
~~~~~
..~~~~~~~~~~~~~~o)~~~....
~~~~~
..)P........%)....g......
.....
.............).).........
.....
###################.#####
##### ######## .# #
#......# .# ###......# ##
..'......# ..


You could see a kobold brigand, an orc wizard, 2 gnolls and 4 orcs.

Vanquished Creatures
  A phantom (D:2)
  3 howler monkeys (D:3)
  A hound (D:3)
  Natasha (D:3)
  3 gnolls (D:3)
  3 adders
  A worm (D:3)
  3 dart slugs
  6 orcs (D:3)
  2 ball pythons
  4 endoplasms
  A giant cockroach (D:2)
  3 goblins
  5 hobgoblins
  14 jackals
  4 bats
  2 frilled lizards (D:1)
  3 kobolds (D:2)
  8 rats
68 creatures vanquished.

Vanquished Creatures (others)
  A fungus (D:2)
  2 plants (D:3)
3 creatures vanquished.

Grand Total: 71 creatures vanquished

Notes
Turn   | Place    | Note
-------+----------+-------------------------------------------
     0 | D:1      | qw the Minotaur Berserker began the quest for the Orb.
     0 | D:1      | Reached XP level 1. HP: 19/19 MP: 0/0
     0 | D:1      | 0 ||| qw: Version: 0.1-a-119-g272c26d
     0 | D:1      | 0 ||| qw: Game counter: 10891
     0 | D:1      | 0 ||| qw: Always use a shield: true
     0 | D:1      | 0 ||| qw: Do Orc after D:15 true
     0 | D:1      | 0 ||| qw: Do second Lair branch before Depths: true
     0 | D:1      | 0 ||| qw: Lair rune preference: random
     0 | D:1      | 0 ||| qw: Plans: Normal
     0 | D:1      | 0 ||| PLANNING D:1-11
    70 | D:1      | 70 ||| Stepping ~*~*~tactically~*~*~ (stealth).
    71 | D:1      | 71 ||| Stepping ~*~*~tactically~*~*~ (stealth).
   106 | D:1      | 106 ||| Stepping ~*~*~tactically~*~*~ (stealth).
   108 | D:1      | 108 ||| Stepping ~*~*~tactically~*~*~ (stealth).
   156 | D:1      | Reached skill level 4 in Axes
   257 | D:1      | Reached XP level 2. HP: 25/26 MP: 1/1
   477 | D:1      | 477 ||| DROPPING +0 club.
   593 | D:1      | 593 ||| Stepping ~*~*~tactically~*~*~ (stealth).
   595 | D:1      | 595 ||| Stepping ~*~*~tactically~*~*~ (stealth).
   953 | D:1      | 953 ||| UPGRADING to +0 ring mail.
   963 | D:1      | 963 ||| DROPPING +0 animal skin.
   964 | D:1      | 964 ||| READING scroll labelled QID SIUCRIEFI.
   965 | D:1      | 965 ||| READING scroll labelled LUREODGH XOIBU.
  1066 | D:1      | 1066 ||| DRINKING 2 lumpy golden potions.
  1067 | D:1      | 1067 ||| DROPPING potion of attraction.
  1072 | D:2      | 1072 ||| STAIRDANCE
  1130 | D:2      | Reached skill level 5 in Axes
  1325 | D:2      | Found a sparkling altar of Nemelex Xobeh.
  1337 | D:2      | Reached XP level 3. HP: 29/31 MP: 2/2
  1356 | D:2      | Reached ** piety under Trog
  1374 | D:2      | Noticed a phantom
  1393 | D:2      | Killed a phantom
  1394 | D:2      | Reached skill level 6 in Axes
  1394 | D:2      | Reached XP level 4. HP: 23/39 MP: 3/3
  1561 | D:2      | Found a faded altar of an unknown god.
  2197 | D:2      | 2197 ||| UPGRADING to +0 chain mail.
  2207 | D:2      | 2207 ||| DROPPING +0 ring mail.
  2208 | D:2      | 2208 ||| READING 2 scrolls labelled JIGAHIRYJU.
  2209 | D:2      | 2209 ||| READING scroll labelled KUCIGH FEOTHAA.
  2301 | D:3      | 2301 ||| Stepping ~*~*~tactically~*~*~ (hiding).
  2302 | D:3      | 2302 ||| Stepping ~*~*~tactically~*~*~ (hiding).
  2305 | D:3      | Noticed Natasha
  2307 | D:3      | 2307 ||| Stepping ~*~*~tactically~*~*~ (hiding).
  2311 | D:3      | 2311 ||| INVOKING Berserk.
  2312 | D:3      | Killed Natasha
  2313 | D:3      | Reached skill level 7 in Axes
  2313 | D:3      | Reached XP level 5. HP: 45/45 MP: 4/4
  2648 | D:3      | 2648 ||| Stepping ~*~*~tactically~*~*~ (stealth).
  2650 | D:3      | 2650 ||| Stepping ~*~*~tactically~*~*~ (stealth).
  2656 | D:3      | 2656 ||| INVOKING Berserk.
  2843 | D:3      | Reached skill level 8 in Axes
  2843 | D:3      | Reached XP level 6. HP: 51/52 MP: 5/5
  3029 | D:3      | 3029 ||| Stepping ~*~*~tactically~*~*~ (stealth).
  3051 | D:3      | 3051 ||| INVOKING Berserk.
  3070 | D:3      | HP: 11/52 [orc/+0 trident (5)]
  3071 | D:3      | HP: 5/52 [orc wizard/+0 dagger (2)]
  3075 | D:3      | Slain by a gnoll

Levels and vault maps discovered:
D:1:      dpeg_arrival_tiny_a, layout_basic, st_stairs_7
D:2:      layout_basic, shapermc_ecumenical_altar_acropolis, basic_altar
D:3:      lemuel_castle_with_subvaults [lemuel_castle_interior_original],
          layout_basic, uniq_natasha

Skill      XL: |  1  2  3  4  5 |
---------------+----------------+-----
Axes           | 4 5 6 7 8 |  8.6
Fighting       | 4 |  4.0
Armour         | |  2.4
Dodging        | |  2.1

Action                   |  1- 3 |  4- 6 || total
-------------------------+-------+-------++-------
Melee: Hand axe          |    64 |    88 ||   152
       Headbutt          |     9 |     4 ||    13
Throw: Boomerang         |       |     2 ||     2
Invok: Berserk           |       |     3 ||     3
  Use: Scroll            |     2 |     2 ||     4
       Potion            |     1 |       ||     1
Armor: Animal skin       |     1 |       ||     1
       Ring mail         |     9 |     4 ||    13
       Chain mail        |       |    48 ||    48
Dodge: Dodged            |    32 |    51 ||    83

Table legend:
 A = Non-vault XP
 B = Vault XP
 C = Vault XP percentage of total XP
 D = Non-vault monster count
 E = Vault monster count
 F = Vault count percentage of total count
                 A         B        C        D         E       F
            +---------+---------+-------+---------+---------+-------
      Total |     216 |     311 |  59.0 |      45 |      23 |  33.8
            +---------+---------+-------+---------+---------+-------
        D:1 |      29 |       0 |   0.0 |      16 |       0 |   0.0
        D:2 |     143 |       0 |   0.0 |      20 |       0 |   0.0
        D:3 |      44 |     311 |  87.6 |       9 |      23 |  71.9
            +---------+---------+-------+---------+---------+-------
